 Dungeon Crawl Stone Soup version 0.31-a0-7-g51783674b7 (webtiles) character file.

Game seed: 13975333672221074324

2043 wotkd0121004 the Digger (level 9, -5/51 HPs)
             Began as an Octopode Earth Elementalist on May 6, 2023.
             Was an Initiate of Ashenzari.
             Slain by a vault guard
             ... wielding a +0 broad axe
              (28 damage)
             ... in a bailey.
             The game lasted 00:20:49 (6170 turns).

wotkd0121004 the Digger (OpEE)                      Turns: 6170, Time: 00:20:50

Health: -5/51      AC:  3    Str:  8    XL:     9   Next: 24%
Magic:  15/16      EV: 14    Int: 21    God:    Ashenzari [......]
Gold:   266        SH:  0    Dex: 12    Spells: 14/18 levels left

rFire   . . .        f - +4 short sword
rCold   . . .        (no shield)
rNeg    . . .        z - +2 hat
rPois   .            (no amulet)
rElec   .            (no ring)
rCorr   .            (no ring)
SInv    .            (no ring)
Will    .....        (no ring)
Stlth   ++++         (no ring)
HPRegen 0.28/turn    (no ring)
MPRegen 0.15/turn    (no ring)
                     (no ring)

%: no passive effects
@: mighty
A: almost no armour, amphibious, 8 rings, camouflage 1, gelatinous body 1,
(nimble swimmer 1), tentacles
a: Renounce Religion, Curse Item


You were in a bailey.
You worshipped Ashenzari.
Ashenzari was noncommittal.
You visited 2 branches of the dungeon, and saw 8 of its levels.
You also visited: Bailey.

You collected 308 gold pieces.
You spent 42 gold pieces at shops.

Inventory:

Hand Weapons
 f - a +4 short sword (weapon)
 p - a +1 trident of flaming
Missiles
 w - 2 throwing nets
Armour
 e - a +0 buckler
 z - a +2 hat (worn)
Magical Staves
 s - the staff of air "Ecozeh" {rElec rCorr}
   (You found it on level 3 of the Dungeon)

   [staff of air]

   Base accuracy: +5 Base damage: 5 Base attack delay: 1.2 This weapon's minimum
   attack delay (0.6) is reached at skill level 12.
   rElec:     It insulates you from electricity.
   rCorr:     It protects you from acid and corrosion.
   It falls into the 'Staves' category.
   It is a one-tentacled weapon.
 v - a staff of fire
Jewellery
 j - a ring of wizardry
Wands
 y - a wand of flame (2)
 C - a wand of digging (5)
 G - a wand of polymorph (7)
Scrolls
 c - a scroll of fear
 i - 2 scrolls of fog
 m - a scroll of amnesia
 n - 3 scrolls of teleportation
 o - 2 scrolls of silence
 r - a scroll of noise
 t - a scroll of enchant armour {unknown}
 x - a scroll of butterflies {unknown}
 A - 2 scrolls of brand weapon {unknown}
 B - a scroll of vulnerability {unknown}
Potions
 a - a potion of magic
 b - 2 potions of cancellation
 g - 2 potions of brilliance
 k - a potion of flight
 l - 2 potions of curing
 D - a potion of berserk rage {unknown}
 E - a potion of mutation {unknown}
 F - 2 potions of ambrosia {unknown}


   Skills:
 - Level 0.1 Fighting
 - Level 0.2 Short Blades
 + Level 3.9 Dodging
 + Level 5.8 Stealth
 + Level 2.9 Shields
 * Level 5.0 Spellcasting
 * Level 4.2 Conjurations
 * Level 4.6 Transmutations
 + Level 2.4 Air Magic
 + Level 6.1 Earth Magic


You had 14 spell levels left.
You knew the following spells:

 Your Spells              Type           Power      Damage    Failure   Level
a - Sandblast             Erth           60%        2d14      1%          1
b - Stone Arrow           Conj/Erth      54%        3d10      3%          3

Your spell library contained the following spells:

 Spells                   Type           Power      Damage    Failure   Level
 Passwall                 Tmut/Erth      22%        N/A       1%          2
 Wereblood                Tmut           24%        N/A       2%          2
 Momentum Strike          Conj/Tloc      28%        3d8       7%          2
 Cigotuvi's Dreadful Rot  Necr/Pois/Air  16%        N/A       12%         2
 Petrify                  Tmut/Erth      27%        N/A       12%         4
 Blink                    Tloc           10%        N/A       16%         2
 Lesser Beckoning         Tloc           10%        N/A       16%         2
 Sublimation of Blood     Necr           5%         N/A       16%         2
 Ignite Poison            Fire/Tmut/Pois 11%        N/A       17%         3
 Sticky Flame             Conj/Fire      14%        2d4       41%         4
 Dispel Undead            Necr           5%         3d7       71%         4
 Manifold Assault         Tloc           5%         N/A       71%         4
 Death Channel            Necr           2%         N/A       100%        6
 Storm Form               Tmut/Air       10%        N/A       100%        7
 Summon Hydra             Summ           2%         N/A       100%        7
 Ignition                 Fire           2%         3d3       100%        8


Dungeon Overview and Level Annotations

Branches:
Dungeon (7/15)             Temple (1/1) D:4          Bailey (1/1)

Altars:
Ashenzari
Cheibriados
Dithmenos
Elyvilon
Fedhas
Hepliaklqana
Kikubaaqudgha
Makhleb
Nemelex Xobeh
Okawaru
Qazlal
Sif Muna
Trog
Uskayaw
Vehumet
Wu Jian
Xom
Yredelemnul
Zin
The Shining One

Shops:
D:2 [   D:4 !

Annotations:
Bailey Prince Ribbit


Innate Abilities, Weirdness & Mutations

You cannot wear most types of armour.
You are amphibious.
You can wear up to eight rings at the same time.
Your skin changes colour to match your surroundings (Stealth+).
Your rubbery body absorbs attacks. (AC +1, EV +1)
((You are camouflaged when in or above water. (Stealth+)))
You have tentacles for arms and can constrict up to eight enemies at once.


Message History

Aiming: Paralyse
Press: ? - help, Shift-Dir - straight line, f/p - vault guard
Aim: a vault guard, wielding a +0 broad axe and wearing a +0 chain mail (heavily wounded, wandering, blind, hasn't noticed you, chance to affect: 17%)
The vault guard resists with almost no effort.
The now-empty wand crumbles to dust.
Aiming: Throw Flame
Press: ? - help, Shift-Dir - straight line, f/p - vault guard
Aim: a vault guard, wielding a +0 broad axe and wearing a +0 chain mail (heavily wounded, wandering, blind, hasn't noticed you, 64% to hit)
The puff of flame hits the vault guard but does no damage.
The vault guard is heavily wounded.
Casting: Sandblast (safe; 1% risk of failure)
Confirm with . or Enter, or press ? or * to list all spells.
Aiming: Sandblast (safe; 1% risk of failure)
Press: ? - help, Shift-Dir - straight line, f/p - vault guard
Aim: a vault guard, wielding a +0 broad axe and wearing a +0 chain mail (heavily wounded, wandering, blind, hasn't noticed you, 82% to hit)
The blast of sand hits the vault guard but does no damage.
The vault guard is heavily wounded.
Casting: Sandblast (safe; 1% risk of failure)
Confirm with . or Enter, or press ? or * to list all spells.
Aiming: Sandblast (safe; 1% risk of failure)
Press: ? - help, Shift-Dir - straight line, f/p - vault guard
Aim: a vault guard, wielding a +0 broad axe and wearing a +0 chain mail (heavily wounded, blind, 82% to hit)
The blast of sand misses the vault guard.
Unknown command.
The vault guard is no longer blind.
The vault guard attacks as you move away!
The vault guard hits you with a +0 broad axe.
Okay, then.
You feel very mighty all of a sudden.
The vault guard hits you with a +0 broad axe!
You puncture the vault guard! You grab the vault guard.
The vault guard is severely wounded.
You constrict the vault guard.
The vault guard hits you with a +0 broad axe!!
Ouch! That really hurt!
* * * LOW HITPOINT WARNING * * *
You feel much better.
You constrict the vault guard.
The vault guard hits you with a +0 broad axe!!
Ouch! That really hurt!
You die...

#.....##≈##††~≈##
#......####≈F.~≈#
#.....g'..#≈..~≈#
###)####..###'###
##~~)##...#.....#
#~~~~~#...#.....#
#~~~~g#...####..#
#~~~~†#....#.p..#
##~~#'#)#....@.##
####...##....##
#.....######
#.∩.∩.# #.....#
##...## #####


You could see a vault guard.

Vanquished Creatures
  3 humans (Bailey)
  An ice beast (D:6)
  6 bullfrogs (Bailey)
  2 scorpions (D:6)
  A howler monkey (D:4)
  A jelly (D:5)
  A gnoll bouda (D:5)
  4 orc priests (D:6)
  3 sleepcaps
  6 hounds
  3 iguanas
  5 orc wizards
  Robin (D:4)
  13 gnolls
  9 adders
  A shadow imp (D:5)
  3 ufetubi
  2 dart slugs
  3 worms
  16 orcs
  6 bats
  4 endoplasms
  3 giant cockroaches
  27 goblins
  6 hobgoblins
  4 kobolds
  3 quokkas
  6 ball pythons
  6 frilled lizards
  3 rats
  A spectral goblin (D:4)
153 creatures vanquished.

Notes
Turn   | Place    | Note
-------+----------+-------------------------------------------
     0 | D:1      | wotkd0121004 the Octopode Earth Elementalist began the
                  | quest for the Orb.
     0 | D:1      | Reached XP level 1. HP: 11/11 MP: 3/3
   417 | D:1      | Reached XP level 2. HP: 17/17 MP: 3/5
   664 | D:1      | Found a faded altar of an unknown god.
  1152 | D:1      | Reached skill level 4 in Earth Magic
  1152 | D:1      | Reached XP level 3. HP: 20/21 MP: 3/6
  1451 | D:2      | Reached XP level 4. HP: 17/27 MP: 4/7
  1886 | D:2      | Found Otam's Antique Armour Boutique.
  1934 | D:2      | Reached XP level 5. HP: 28/31 MP: 5/9
  2351 | D:2      | Reached skill level 5 in Earth Magic
  2563 | D:3      | Found a white marble altar of Elyvilon.
  2661 | D:3      | Learned a level 3 spell: Stone Arrow
  2727 | D:3      | Found a burning altar of Makhleb.
  2825 | D:3      | Identified the staff of air "Ecozeh" {rElec rCorr}
  3117 | D:4      | Found Kejaf's Distillery.
  3124 | D:4      | Bought a potion of curing for 42 gold pieces
  3211 | D:4      | Found a staircase to the Ecumenical Temple.
  3244 | Temple   | Entered the Ecumenical Temple
  3308 | Temple   | Became a worshipper of Ashenzari the Shackled
  3397 | D:4      | Reached XP level 6. HP: 36/36 MP: 8/10
  3517 | D:4      | Noticed Robin
  3530 | D:4      | Killed Robin
  3531 | D:4      | Reached skill level 1 in Conjurations
  3689 | D:4      | Found a hazy altar of Hepliaklqana.
  3740 | D:4      | Reached skill level 1 in Shields
  4171 | D:5      | Entered Level 5 of the Dungeon
  4200 | D:5      | Reached XP level 7. HP: 41/41 MP: 6/12
  4508 | D:5      | You fall into a shaft and drop 1 floor!
  4842 | D:5      | Found a radiant altar of Vehumet.
  5311 | D:6      | Reached skill level 1 in Air Magic
  5311 | D:6      | Reached XP level 8. HP: 46/46 MP: 10/13
  5585 | D:6      | Reached skill level 5 in Stealth
  5724 | D:7      | Found a flagged portal.
  5737 | Bailey   | Entered a bailey
  5962 | Bailey   | Reached skill level 6 in Earth Magic
  5962 | Bailey   | Reached XP level 9. HP: 18/51 MP: 10/16
  6111 | Bailey   | Reached skill level 5 in Spellcasting
  6138 | Bailey   | Noticed Prince Ribbit
  6138 | Bailey   | Noticed a vault guard
  6170 | Bailey   | Slain by a vault guard

Illustrated notes

Levels and vault maps discovered:
D:1:      tarquinn_simple_flora_water_b, layout_loops_corners,
          ebering_ecumenical_altar_ruins
D:2:      layout_loops_ring, serial_shops, nicolae_shop_tiny_glass,
          corexii_item_surrounded_by_moat, corner_web_ring, kennysheep_doodads
D:3:      layout_rooms, mainiacjoe_overflow_alcove_1,
          mainiacjoe_overflow_six_doors_small, minmay_misc_feat_doors,
          minmay_misc_feat_four_crosses
D:4:      minmay_angry_zag, layout_cave_pools,
          nicolae_hepliaklqana_monster_ancestors, temple_pool_b, serial_demonic,
          serial_demonic_c, serial_demonic_b, serial_demonic_e,
          serial_demonic_e, serial_shops, shop, hellmonk_no_cap, uniq_robin
D:5:      layout_loops_cross, mainiacjoe_overflow_concentric_impassable
D:6:      layout_loops_ring
D:7:      layout_loops_ring, enter_bailey_3
Temple:   nicolae_temple_x_marks_the_god
Bailey:   bailey_axe_froggy_fort_hellmonk, bailey

Skill      XL: |  1  2  3  4  5  6  7  8  9 |
---------------+----------------------------+-----
Earth Magic    | 4 5 6 |  6.1
Stealth        | 3 4 5 |  5.8
Spellcasting   | 3 4 5 |  5.0
Conjurations   | 1 2 4 |  4.2
Shields        | 1 2 |  2.9
Transmutations | 2 3 4 |  4.6
Dodging        | 3 |  3.9
Air Magic      | 1 2 |  2.4
Fighting       | |  0.1
Short Blades   | |  0.2

Action                     |  1- 3 |  4- 6 |  7- 9 || total
---------------------------+-------+-------+-------++-------
  Melee: Unarmed           |     3 |       |       ||     3
         Constrict         |     4 |     9 |     8 ||    21
         Tentacles         |     3 |     5 |     7 ||    15
         Short sword       |     9 |    33 |    21 ||    63
         Punch             |       |     1 |       ||     1
   Cast: Sandblast         |    26 |   101 |   112 ||   239
         Stone Arrow       |       |     1 |       ||     1
  Evoke: Wand              |       |       |    20 ||    20
    Use: Scroll            |       |     9 |     2 ||    11
         Potion            |       |     1 |     2 ||     3
   Stab: Sleeping          |     2 |    10 |       ||    12
         Paralysed         |       |       |     8 ||     8
 Armour: Skin              |       |     7 |    13 ||    20
  Dodge: Dodged            |    22 |    45 |    50 ||   117

Table legend: (Time is in decaauts)
 A = Elapsed time spent in this place.
 B = Non-inter-level travel time spent in this place.
 C = Inter-level travel time spent in this place.
 D = Time resting spent in this place.
 E = Time spent auto-exploring this place.
 F = Levels seen in this place.
 G = Mean time per level.
                   A        B        C        D        E       F      G
               +--------+--------+--------+--------+--------+-----+--------+
         Total |   6289 |   6220 |     69 |    734 |   3957 |   9 |  698.8 |
       Dungeon |   5763 |   5694 |     69 |    513 |   3879 |   7 |  823.3 |
        Temple |     74 |     74 |      0 |      0 |      0 |   1 |   74.0 |
        Bailey |    451 |    451 |      0 |    220 |     78 |   1 |  451.0 |
               +--------+--------+--------+--------+--------+-----+--------+

Top non-repeatable levels by time:
     D:1: 1309 daAuts
     D:2: 1133 daAuts
     D:4: 1017 daAuts
     D:5: 958 daAuts
     D:3: 700 daAuts
     D:6: 583 daAuts
  Bailey: 451 daAuts
  Temple: 74 daAuts
     D:7: 62 daAuts
